 Dungeon Crawl Stone Soup version 0.18-a0-1778-gadce9fa (webtiles) character file.

113 saintsgambit the Shield-Bearer (level 5, -1/42 HPs)
             Began as a Formicid Fighter on Apr 17, 2016.
             Slain by a wight
             ... wielding a cursed +2 flail
              (4 damage)
             ... on level 3 of the Dungeon.
             The game lasted 00:05:05 (1607 turns).

saintsgambit the Shield-Bearer (Formicid Fighter)   Turns: 1607, Time: 00:05:06

Health: -1/42      AC:  6    Str: 20    XL:     5   Next: 17%
Magic:  5/5        EV:  8    Int:  9    God:
Gold:   136        SH:  9    Dex: 10    Spells: 0 memorised, 4 levels left

rFire  . . .     SeeInvis +     a - +0 quarterstaff
rCold  . . .     Gourm    .     b - +0 scale mail
rNeg   . . .     Faith    .     c - +0 shield
rPois  .         Spirit   .     (helmet unavailable)
rElec  .         Dismiss  .     (no cloak)
rCorr  .         Reflect  .     (no gloves)
SustAt .         Harm     .     (no boots)
MR     .....                    (no amulet)
Stlth  ..........               (no ring)
                                (no ring)

@: drained, not resistant to hostile enchantments, extremely unstealthy
A: permanent stasis, dig shafts and tunnels, four strong arms, antennae 3
a: Dig, Shaft Self


You were on level 3 of the Dungeon.
You were hungry.

You visited 1 branch of the dungeon, and saw 3 of its levels.

You collected 136 gold pieces.

Inventory:

Hand Weapons
 a - a +0 quarterstaff (weapon)
 n - a +3 dagger (quivered)
Missiles
 h - 9 poisoned needles
 j - 11 arrows of flame
Armour
 b - a +0 scale mail (worn)
 c - a +0 shield (worn)
Jewellery
 m - an uncursed amulet of faith {unknown}
Scrolls
 g - a scroll of amnesia {unknown}
 i - a scroll of noise {unknown}
 l - 2 scrolls of random uselessness {unknown}
 o - a scroll of teleportation {unknown}
 p - a scroll of magic mapping {unknown}
 r - a scroll of identify {unknown}
Potions
 d - a potion of might
 e - a potion of cure mutation {unknown}
 q - a potion of heal wounds {unknown}
Comestibles
 f - 4 bread rations
 k - 3 meat rations
 s - 5 fruits


   Skills:
 + Level 3.8(2.7) Fighting
 + Level 2.4(1.4) Staves
 + Level 4.0(2.9) Armour
 + Level 1.9(0.9) Dodging
 + Level 4.5(3.4) Shields


You had 4 spell levels left.
You didn't know any spells.

Dungeon Overview and Level Annotations

Branches:
Dungeon (3/15)

Altars:
Ashenzari
Fedhas
Vehumet
The Shining One

Annotations:
D:3 Grinder


Innate Abilities, Weirdness & Mutations

You are under a permanent stasis effect.
You can dig through walls and to a lower floor.
Your four strong arms can wield two-handed weapons with a shield.
You have a pair of large antennae on your head (SInv).


Message History

Grinder gestures at you. Pain shoots through your body!
Grinder blinks!
Grinder says, "There's only one good use for a tongue: cutting it out."
You block Grinder's attack.
A wight comes into view. It is wielding a scimitar of freezing.
A wight comes into view.
It is wielding an enchanted short sword.
Grinder gestures at you.
You struggle to resist.
Grinder blinks!
The wight barely misses you.
A wight comes into view. It is wielding an enchanted flail.
Grinder blinks!
An adder comes into view.
The wight hits you with an enchanted flail!
* * * LOW HITPOINT WARNING * * *
You feel drained.
* * * LOW HITPOINT WARNING * * *
You block the wight's attack.
The wight hits you with an enchanted flail.
You die...

#............ ##....
.....## #...####.#..##
#####...zK...#.# #
#...zz{{{####..# #
##...#....# ##.##
###..z#####.###..# .
##..z.######>ยง##.## #.
#....@.##........####.
#...S."<...#####..#....
#.......?..## ###......
#..........# #....#...
#..........#.....###..#.
#............#####...###
#..........## #..#....
##........## #....###
######


You could see 3 wights and an adder.

Vanquished Creatures
  The ghost of blooo the Ducker, a weakling SpMo (D:3)
  3 adders (D:2)
  An ooze (D:1)
  A dart slug (D:2)
  2 giant geckos (D:2)
  3 bats
  3 giant cockroaches
  3 goblins
  7 hobgoblins
  6 jackals
  5 kobolds (D:1)
  2 quokkas
  3 giant newts
  3 rats
43 creatures vanquished.

Notes
Turn   | Place    | Note
--------------------------------------------------------------
     0 | D:1      | saintsgambit the Formicid Fighter began the quest for the Orb.
     0 | D:1      | Reached XP level 1. HP: 18/18 MP: 1/1
   135 | D:1      | Reached XP level 2. HP: 21/24 MP: 2/2
   394 | D:1      | Reached XP level 3. HP: 26/29 MP: 3/3
   900 | D:2      | Reached skill level 1 in Dodging
   935 | D:2      | Found a shattered altar of Ashenzari.
   937 | D:2      | Found a glowing golden altar of the Shining One.
   937 | D:2      | Found a radiant altar of Vehumet.
  1022 | D:2      | Reached XP level 4. HP: 37/37 MP: 4/4
  1048 | D:2      | Found a blossoming altar of Fedhas.
  1268 | D:3      | Noticed blooo's ghost (weakling SpMo)
  1291 | D:3      | Killed blooo's ghost
  1291 | D:3      | Reached XP level 5. HP: 16/42 MP: 5/5
  1580 | D:3      | Noticed Grinder
  1607 | D:3      | Slain by a wight

Vault maps used:
D:1:      saegor_arrival_simple_b
D:2:      minitemple, lemuel_doored_altar, first_bread, grunt_decor_one_mirror
D:3:      uniq_grinder

Skill      XL: |  1  2  3  4 |
---------------+-------------+-----
Shields        | 4 |  4.5
Dodging        | 1 |  1.9
Armour         | 4 |  4.0
Fighting       | |  3.8
Staves         | |  2.4

Action                   |  1- 3 |  4- 6 || total
-------------------------+-------+-------++-------
Melee: Quarterstaff      |   107 |    66 ||   173
  Eat: Chunk             |       |     2 ||     2
Armor: Scale mail        |    62 |    42 ||   104
Dodge: Dodged            |    51 |    15 ||    66
Block: Shield            |    58 |    28 ||    86
